 Dungeon Crawl Stone Soup version 0.22-a0-617-g6d95e9e (webtiles) character file.

189 sking99 the Slasher (level 5, 0/46 HPs)
             Began as a Draconian Warper on July 12, 2018.
             Slain by an iron imp (12 damage)
             ... summoned by Natasha
             ... on level 2 of the Dungeon.
             The game lasted 00:02:54 (1977 turns).

sking99 the Slasher (Draconian Warper)              Turns: 1977, Time: 00:02:54

Health: 0/46       AC:  5    Str: 13    XL:     5   Next: 40%
Magic:  8/8        EV: 12    Int: 13    God:
Gold:   141        SH:  0    Dex: 12    Spells: 4/8 levels left

rFire    . . .     SeeInvis .   n - +4 falchion (slice)
rCold    . . .     Gourm    .   (no shield)
rNeg     . . .     Faith    .   (armour unavailable)
rPois    .         Spirit   .   (helmet restricted)
rElec    .         Reflect  .   (no cloak)
rCorr    .         Harm     .   (no gloves)
MR       .....                  (no boots)
Stlth    +.........             (no amulet)
HPRegen  0.15/turn              (no ring)
MPRegen  0.11/turn              (no ring)

@: slowed, very slow
A: unfitting armour, cold-blooded, AC +5
a: no special abilities


You were on level 2 of the Dungeon.
You were not hungry.

You visited 1 branch of the dungeon, and saw 2 of its levels.

You collected 141 gold pieces.

Inventory:

Hand Weapons
 n - a +4 falchion of slicing (weapon)
Missiles
 d - 5 tomahawks of dispersal (quivered)
Scrolls
 c - a scroll of blinking
 g - 2 scrolls of teleportation {unknown}
 h - a scroll of remove curse {unknown}
 l - a scroll of identify {unknown}
 m - a scroll of immolation {unknown}
Potions
 e - a potion of invisibility {unknown}
 i - a potion of flight {unknown}
 j - 2 potions of cancellation {unknown}
 k - a potion of magic {unknown}
Comestibles
 b - 2 chunks of flesh
 f - 3 rations


   Skills:
 + Level 3.9 Fighting
 * Level 4.8 Long Blades
 - Level 0.8 Throwing
 - Level 2.1 Dodging
 - Level 2.0 Spellcasting
 - Level 3.0 Translocations


You had 4 spell levels left.
You knew the following spells:

 Your Spells              Type           Power        Failure   Level  Hunger
a - Blink                 Tloc           N/A          11%         2    ###....
b - Shroud of Golubria    Chrm/Tloc      #.........   21%         2    ###....

Your spell library contained the following spells:

 Spells                   Type           Power        Failure   Level  Hunger
 Teleport Other           Tloc           #.......     22%         3    ####...
 Passage of Golubria      Tloc           N/A          58%         4    #####..
 Gell's Gravitas          Tloc           #.........   22%         3    ####...
 Lesser Beckoning         Tloc           #.........   22%         3    ####...


Dungeon Overview and Level Annotations

Branches:
Dungeon (2/15)

Altars:

Annotations:
D:2 Natasha


Innate Abilities, Weirdness & Mutations

Your plain brown scales are hard. (AC +5)
You cannot fit into any form of body armour.
You are cold-blooded and may be slowed by cold attacks.


Message History

You slash Natasha!
Natasha is severely wounded.
Natasha mumbles some strange words.
You feel disoriented. Natasha claws you!
* * * LOW HITPOINT WARNING * * *
You barely miss Natasha.
Natasha is severely wounded.
Natasha casts a spell.
You barely miss Natasha.
Natasha is severely wounded.
Natasha completely misses you.
You hit Natasha but do no damage.
Natasha is severely wounded.
Natasha stares at you and mumbles some strange words.
You feel yourself slow down.
You hit Natasha.
Natasha is almost dead.
Natasha barely misses you. The iron imp hits you!
You die...

..#....).....##..........#####
..#.^........##.........###
###....(.....##...........#
.............#.).##.##..#.#
###.............###.###<#.##
#......(......# #.# #.#..#
###..........#..# #.# #.##.#
#..............h## .# #....#
#...##...###..#5@# #...)##
...###.#.....###.## #..)..###
.....#.#...## #)##.# #.>.....#
.#...# #..# #).#.###...###.#
##....... . ##.#.......# .#
##.....# #. ###.........###.#
#...### #.###...........#...#
...# #.......#.........### ##
###.....#######....##


You could see an iron imp and Natasha.

Vanquished Creatures
  Terence (D:2)
  Natasha (twice) (D:2)
  Robin (D:2)
  4 gnolls (D:2)
  An ooze (D:1)
  3 dart slugs (D:1)
  2 leopard geckos
  A ball python (D:2)
  2 giant cockroaches
  13 goblins
  10 hobgoblins
  3 kobolds
  A quokka (D:2)
  7 bats
  A frilled lizard (D:2)
  3 rats
55 creatures vanquished.

Notes
Turn   | Place    | Note
-------+----------+-------------------------------------------
     0 | D:1      | sking99 the Draconian Warper began the quest for the Orb.
     0 | D:1      | Reached XP level 1. HP: 17/17 MP: 3/3
   134 | D:1      | Reached XP level 2. HP: 24/25 MP: 5/5
   200 | D:1      | Learned a level 2 spell: Blink
   203 | D:1      | Learned a level 2 spell: Shroud of Golubria
   507 | D:1      | Reached skill level 3 in Long Blades
   592 | D:1      | Reached XP level 3. HP: 30/30 MP: 6/6
   927 | D:2      | Reached XP level 4. HP: 10/38 MP: 4/7
  1231 | D:2      | Noticed Terence
  1231 | D:2      | Noticed Natasha
  1242 | D:2      | Killed Natasha
  1242 | D:2      | Reached skill level 4 in Long Blades
  1255 | D:2      | Killed Terence
  1359 | D:2      | Noticed Robin
  1370 | D:2      | Reached XP level 5. HP: 22/46 MP: 4/8
  1672 | D:2      | Noticed Natasha
  1681 | D:2      | Killed Natasha
  1852 | D:2      | Killed Robin
  1969 | D:2      | Noticed Natasha
  1977 | D:2      | Slain by an iron imp

Vault maps used:
D:1:      elethiomel_arrival_shortcut, hangedman_decor_growths
D:2:      uniq_robin, uniq_terence, uniq_natasha

Skill      XL: |  1  2  3  4 |
---------------+-------------+-----
Long Blades    | 3 4 |  4.8
Fighting       | 3 |  3.9
Throwing       | |  0.8
Dodging        | |  2.1
Spellcasting   | |  2.0
Translocations | |  3.0

Action                   |  1- 3 |  4- 6 || total
-------------------------+-------+-------++-------
Melee: Falchion          |   103 |   102 ||   205
       Tailslap          |    15 |    14 ||    29
 Cast: Shroud of Golubri |     4 |     7 ||    11
       Blink             |       |     1 ||     1
 Stab: Sleeping          |     1 |       ||     1
  Eat: Chunk             |       |     5 ||     5
Armor: Skin              |    28 |    26 ||    54
Dodge: Dodged            |    80 |    75 ||   155
       Rpst.: Falchion   |    31 |    27 ||    58

Table legend:
 A = Spawn XP
 B = Non-spawn XP
 C = Spawn XP percentage of total XP
 D = Spawn monster count
 E = Non-spawn monster count
 F = Spawn count percentage of total count
 G = Total turns spent on level
                    A         B        C        D         E        F      G
               +---------+---------+-------+---------+---------+-------+---------
         Total |       0 |     270 |   0.0 |       0 |      55 |   0.0 |  1977
               +---------+---------+-------+---------+---------+-------+---------
           D:1 |       0 |      48 |   0.0 |       0 |      21 |   0.0 |  1035
           D:2 |       0 |     222 |   0.0 |       0 |      34 |   0.0 |   942
               +---------+---------+-------+---------+---------+-------+---------
